 Dungeon Crawl Stone Soup version 0.28-a0-1033-g1a2f33fa85 (webtiles) character file.

Game seed: 11248107201046455046

3943 bearlyready the Grappler (level 10, -4/89 HPs)
             Began as a Troll Fighter on Dec 7, 2021.
             Was a Follower of Nemelex Xobeh.
             Slain by a sun demon (23 damage)
             ... on level 1 of the Abyss.
             The game lasted 00:12:19 (6553 turns).

bearlyready the Grappler (Troll Fighter)            Turns: 6553, Time: 00:12:19

Health: -4/89      AC:  5    Str: 30    XL:     10   Next: 1%
Magic:  9/9        EV:  7    Int: 10    God:    Nemelex Xobeh [*.....]
Gold:   392        SH:  7    Dex:  9    Spells: 9/9 levels left

rFire   . . .      SeeInvis .     - Unarmed
rCold   . . .      Faith    .   b - +0 kite shield
rNeg    . . .      Spirit   .   a - +0 robe
rPois   .          Reflect  .   (helmet restricted)
rElec   .          Harm     .   u - +0 cloak
rCorr   .          Rampage  .   (gloves unavailable)
Will    .....                   (boots unavailable)
Stlth   +.........              (no amulet)
HPRegen 1.04/turn               h - +6 ring of intelligence
MPRegen 0.11/turn               (no ring)

@: no status effects
A: large, unfitting armour, claws 3, regeneration 1, shaggy fur 1, tough skin 1
a: Renounce Religion, Draw Escape, Draw Destruction, Draw Summoning


You were on level 1 of the Abyss.
You worshipped Nemelex Xobeh.
Nemelex Xobeh was aware of your devotion.
You visited 2 branches of the dungeon, and saw 9 of its levels.
You visited the Abyss 1 time.

You collected 392 gold pieces.

Inventory:

Missiles
 d - 325 stones
 o - 24 sling bullets
 r - 8 poisoned darts (quivered)
 y - 6 large rocks
 D - 4 boomerangs
Armour
 a - a +0 robe (worn)
 b - a +0 kite shield (worn)
 u - a +0 cloak (worn)
Jewellery
 h - a +6 ring of intelligence (left claw)
Wands
 t - a wand of digging (5)
Scrolls
 c - a scroll of brand weapon {unknown}
 f - a scroll of silence {unknown}
 g - 2 scrolls of holy word {unknown}
 j - 2 scrolls of enchant weapon {unknown}
 k - 2 scrolls of fog {unknown}
 m - 10 scrolls of identify {unknown}
 n - 5 scrolls of teleportation {unknown}
 p - a scroll of fear {unknown}
 q - a scroll of enchant armour {unknown}
 s - 2 scrolls of immolation {unknown}
 A - a scroll of magic mapping {unknown}
Potions
 e - 2 potions of curing {unknown}
 i - a potion of degeneration {unknown}
 l - a potion of brilliance {unknown}
 v - a potion of attraction {unknown}
 w - 2 potions of heal wounds {unknown}
 x - 2 potions of haste {unknown}
 z - a potion of lignification {unknown}
 B - 2 potions of berserk rage {unknown}
 C - a potion of ambrosia {unknown}
 E - a potion of mutation {unknown}


   Skills:
 + Level 2.8 Fighting
 + Level 0.7 Throwing
 - Level 2.4 Dodging
 - Level 2.4 Shields
 + Level 14.1 Unarmed Combat
 + Level 1.2 Invocations


You had 9 spell levels left.
You didn't know any spells.
Your spell library contained the following spells:

 Spells                   Type           Power      Damage    Failure   Level
 Animate Skeleton         Necr           0%         N/A       83%         1
 Pain                     Necr           0%         1d4       83%         1
 Sting                    Tmut/Pois      0%         1d3       83%         1
 Poisonous Vapours        Pois/Air       0%         N/A       93%         2
 Conjure Flame            Conj/Fire      0%         6-21      99%         3
 Gell's Gravitas          Tloc           0%         N/A       99%         3
 Ignite Poison            Fire/Tmut/Pois 0%         N/A       99%         3
 Lesser Beckoning         Tloc           0%         N/A       99%         3
 Mephitic Cloud           Conj/Pois/Air  0%         N/A       99%         3
 Teleport Other           Tloc           0%         N/A       99%         3
 Vampiric Draining        Necr           0%         2d6       99%         3
 Olgreb's Toxic Radiance  Pois           0%         N/A       100%        4
 Sticky Flame             Conj/Fire      0%         2d3       100%        4
 Freezing Cloud           Conj/Ice/Air   0%         6-21      100%        5
 Conjure Ball Lightning   Conj/Air       0%         3x3d6     100%        6
 Discord                  Hex            0%         N/A       100%        8
 Disjunction              Tloc           0%         N/A       100%        8


Dungeon Overview and Level Annotations

Branches:
Dungeon (8/15)             Temple (1/1) D:6
   Lair: D:8-11

Altars:
Ashenzari
Cheibriados
Dithmenos
Elyvilon
Fedhas
Gozag
Kikubaaqudgha
Makhleb
Nemelex Xobeh
Okawaru
Qazlal
Ru
Trog
Uskayaw
Vehumet
Wu Jian
Xom
Yredelemnul
The Shining One

Shops:
D:2 [

Annotations:
D:7 2 transporters, PimpSugar's ghost, novice DsWz
D:8 Psyche


Innate Abilities, Weirdness & Mutations

You are too large for most types of armour.
You have claws for hands.
Your natural rate of healing is unusually fast.
You are covered in fur. (AC +1)
You have tough skin. (AC +1)


Message History

You barely miss the small abomination.
You block the small abomination's attack.
You mangle the small abomination!!
The small abomination is almost destroyed.
The small abomination hits you!
You mangle the small abomination!!
You destroy the small abomination!
You start resting.
You feel your health improve.
Key pressed, stopping explore.
HP restored.
E - a lumpy inky potion A sun demon comes into view.
The sun demon shouts!
An orange demon comes into view.
Found 24 stones.
The orange demon screeches!
You mangle the sun demon!!
The sun demon is heavily wounded.
You block the sun demon's attack.
You closely miss the sun demon.
The sun demon is heavily wounded.
The sun demon closely misses you.
You closely miss the sun demon.
The sun demon is heavily wounded.
You block the sun demon's attack. The sun demon hits you!!
You are engulfed in flames!
You scratch the sun demon but do no damage.
The sun demon is heavily wounded.
You block the sun demon's attack.
You mangle the sun demon!!
The sun demon is almost dead.
The orange demon barely misses you. The sun demon hits you!!
You are engulfed in flames!
* * * LOW HITPOINT WARNING * * *
You scratch the sun demon but do no damage.
The sun demon is almost dead.
The sun demon hits you!!
You die...
Your body disappears without a glow.

##..#... ## ..
#.......# . ##
##. ###
#..#.##...#
#.. .# .#..#
## ###.## .. .
#..#..4##.#.#.
#..##3..# # .
#...@#.#.# #
#.####.# # ##


You could see a sun demon and an orange demon.

Vanquished Creatures
  An ancient zyme (Abyss:1)
  Prince Ribbit (D:6)
  Grinder (D:5)
  2 wyverns
  3 yaks (D:7)
  3 water moccasins
  Duvessa (D:6)
  A sky beast (D:6)
  A black bear (D:5)
  A necrophage (D:6)
  2 ogres
  A centaur (D:7)
  3 bullfrogs
  2 scorpions
  A small abomination (Abyss:1)
  Dowan (D:6)
  4 wights
  2 howler monkeys (D:7)
  A centaur zombie (D:6)
  3 jellies
  A bullfrog zombie (D:5)
  3 centaur skeletons
  2 hounds
  5 orc priests
  2 iguanas (D:6)
  6 orc wizards
  A killer bee zombie (D:8)
  A hound skeleton (D:5)
  Robin (D:3)
  4 gnolls
  A howler monkey skeleton (D:5)
  9 adders
  A white imp (D:7)
  4 ufetubi
  5 worms
  3 dart slugs
  32 orcs
  6 endoplasms
  2 giant cockroaches (D:3)
  15 hobgoblins
  13 jackals
  3 kobolds
  3 quokkas
  3 ball pythons
  8 bats
  4 frilled lizards
  13 goblins
  6 rats
  A spectral orc (D:8)
193 creatures vanquished.

Notes
Turn   | Place    | Note
-------+----------+-------------------------------------------
     0 | D:1      | bearlyready the Troll Fighter began the quest for the Orb.
     0 | D:1      | Reached XP level 1. HP: 22/22 MP: 0/0
   180 | D:1      | Found a faded altar of an unknown god.
   365 | D:1      | Reached XP level 2. HP: 29/29 MP: 1/1
   381 | D:1      | Reached skill level 3 in Unarmed Combat
   492 | D:2      | Reached XP level 3. HP: 31/36 MP: 2/2
   784 | D:2      | Reached skill level 4 in Unarmed Combat
   860 | D:2      | Reached XP level 4. HP: 44/44 MP: 3/3
   882 | D:2      | Found Petism's Armour Boutique.
  1212 | D:3      | Noticed Robin
  1218 | D:3      | Killed Robin
  1527 | D:3      | Reached skill level 5 in Unarmed Combat
  1732 | D:3      | Reached XP level 5. HP: 41/50 MP: 4/4
  2281 | D:4      | Reached skill level 6 in Unarmed Combat
  2578 | D:4      | Reached XP level 6. HP: 57/59 MP: 5/5
  2754 | D:5      | Entered Level 5 of the Dungeon
  2841 | D:5      | Reached skill level 7 in Unarmed Combat
  2954 | D:5      | Noticed a water moccasin
  2963 | D:5      | Killed a water moccasin
  2964 | D:5      | Reached XP level 7. HP: 66/66 MP: 6/6
  3220 | D:5      | Reached skill level 8 in Unarmed Combat
  3410 | D:5      | Noticed Grinder
  3419 | D:5      | Paralysed by Grinder for 3 turns
  3423 | D:5      | Killed Grinder
  3424 | D:5      | Reached skill level 9 in Unarmed Combat
  3447 | D:5      | Found a stormy altar of Qazlal.
  3663 | D:5      | Reached XP level 8. HP: 52/74 MP: 7/7
  3954 | D:6      | Reached skill level 10 in Unarmed Combat
  4131 | D:6      | Reached skill level 11 in Unarmed Combat
  4176 | D:6      | Noticed Duvessa
  4187 | D:6      | Noticed Dowan
  4207 | D:6      | Killed Duvessa
  4213 | D:6      | Killed Dowan
  4282 | D:6      | Noticed a moth of wrath
  4284 | D:6      | Found a bloodstained altar of Trog.
  4458 | D:6      | Reached skill level 12 in Unarmed Combat
  4458 | D:6      | Reached XP level 9. HP: 45/80 MP: 8/8
  4599 | D:6      | Found a staircase to the Ecumenical Temple.
  4722 | Temple   | Entered the Ecumenical Temple
  4847 | Temple   | Became a worshipper of Nemelex Xobeh the Trickster
  4948 | D:6      | Noticed Prince Ribbit
  4968 | D:6      | Killed Prince Ribbit
  5087 | D:7      | Noticed PimpSugar's ghost (novice DsWz)
  5089 | D:7      | Identified the +4 dire flail of Ninier {drain, rC+}
  5089 | D:7      | Noticed a two-headed ogre
  5378 | D:7      | Found a transporter.
  5379 | D:7      | Found a transporter.
  5424 | D:7      | Reached skill level 13 in Unarmed Combat
  5958 | D:8      | Reached * piety under Nemelex Xobeh
  6055 | D:8      | Reached skill level 14 in Unarmed Combat
  6127 | D:8      | Found a basalt altar of Yredelemnul.
  6307 | D:8      | Noticed Psyche
  6323 | D:8      | Cast into level 1 of the Abyss (Psyche)
  6323 | Abyss:1  | Received a gift from Nemelex Xobeh
  6378 | Abyss:1  | Found a corrupted altar of Lugonu.
  6412 | Abyss:1  | Found a corrupted altar of Lugonu.
  6416 | Abyss:1  | Noticed an ancient zyme
  6422 | Abyss:1  | Killed an ancient zyme
  6423 | Abyss:1  | Reached skill level 1 in Invocations
  6423 | Abyss:1  | Reached XP level 10. HP: 57/88 MP: 9/9
  6532 | Abyss:1  | Noticed a sun demon
  6534 | Abyss:1  | Noticed an orange demon
  6553 | Abyss:1  | Slain by a sun demon

Illustrated notes

Levels and vault maps discovered:
D:1:      evilmike_arrival_crescent, layout_rooms,
          ebering_ecumenical_altar_petrified
D:2:      layout_loops_ring, serial_shops, nicolae_square_shop
D:3:      layout_loops_corners, kennysheep_generic_room_16, uniq_robin
D:4:      layout_loops_cross, corexii_shack
D:5:      layout_basic, grunt_qazlal_clouds, st_stairs_12, uniq_grinder
D:6:      layout_rooms, tgw_trog, minmay_temple_entry_proselytizer,
          uniq_duvessa, uniq_prince_ribbit1
D:7:      layout_loops_ring, gammafunk_ghost_smash
D:8:      layout_cave_pools, yredelemnul_forgotten_temple_becter, hex_medium,
          uniq_psyche
Temple:   compressed_dpeg_circular_temple
Abyss:1:  base: D:8, base:
D:1

Skill      XL: |  1  2  3  4  5  6  7  8  9 |
---------------+----------------------------+-----
Unarmed Combat | 3 4 5 6 7 9 12 14 | 14.1
Invocations    | 1 |  1.2
Fighting       | |  2.8
Throwing       | |  0.7
Dodging        | |  2.4
Shields        | |  2.4

Action                   |  1- 3 |  4- 6 |  7- 9 | 10-12 || total
-------------------------+-------+-------+-------+-------++-------
Melee: Unarmed           |   101 |   209 |   231 |    10 ||   551
Throw: Dart              |       |     3 |     9 |       ||    12
  Use: Potion            |       |     1 |       |       ||     1
 Stab: Sleeping          |       |     1 |       |       ||     1
Armor: Robe              |    36 |    73 |    67 |       ||   176
Dodge: Dodged            |    30 |    90 |    65 |     2 ||   187
Block: Kite shield       |    34 |    87 |    58 |     4 ||   183

Table legend: (Time is in decaauts)
 A = Elapsed time spent in this place.
 B = Non-inter-level travel time spent in this place.
 C = Inter-level travel time spent in this place.
 D = Time resting spent in this place.
 E = Time spent auto-exploring this place.
 F = Levels seen in this place.
 G = Mean time per level.
                   A        B        C        D        E       F      G
               +--------+--------+--------+--------+--------+-----+--------+
         Total |   6597 |   6359 |    238 |    239 |   4490 |  10 |  659.7 |
       Dungeon |   6228 |   6003 |    225 |    202 |   4259 |   8 |  778.5 |
        Temple |    139 |    126 |     13 |      0 |     78 |   1 |  139.0 |
         Abyss |    228 |    228 |      0 |     37 |    153 |   1 |  228.0 |
               +--------+--------+--------+--------+--------+-----+--------+

Top non-repeatable levels by time:
     D:5: 1262 daAuts
     D:3: 918 daAuts
     D:6: 888 daAuts
     D:7: 852 daAuts
     D:2: 764 daAuts
     D:4: 661 daAuts
     D:1: 456 daAuts
     D:8: 425 daAuts
 Abyss:1: 228 daAuts
  Temple: 139 daAuts
